[Event "ICC tourney 1954 (60 10)"]
[Site "Internet Chess Club"]
[Date "2020.08.07"]
[Round "2"]
[White "thanhcaptures"]
[Black "nathanarnold12"]
[Result "0-1"]
[ICCResult "White checkmated"]
[WhiteElo "1165"]
[BlackElo "1403"]
[Opening "French: advance variation"]
[ECO "C02"]
[NIC "FR.03"]
[Time "15:29:58"]
[TimeControl "3600+10"]

1. e4 e6 2. d4 d5 3. e5 c5 4. c3 Qa5 5. Bd2 Qb6 6. Bc1 Nc6 7. Nf3 Nh6 8.
Bxh6 Qxb2 9. Nbd2 gxh6 10. Qc1 Qxc1+ 11. Rxc1 c4 12. Be2 Be7 13. O-O O-O 14.
h3 f6 15. exf6 Bxf6 16. Kh2 Bd7 17. Ne1 Ne7 18. Rb1 b5 19. a3 Ng6 20. Nc2
Bg5 21. Nf3 Bf4+ 22. g3 Bd6 23. Ra1 a5 24. Ne3 b4 25. axb4 axb4 26. cxb4
Bxb4 27. Nc2 Bd6 28. Rac1 Ra2 29. Bd1 Rb8 30. Ne3 Rbb2 31. Rc2 Rxc2 32. Bxc2
Bc6 33. Rb1 Bc7 34. Kg2 e5 35. Bxg6 hxg6 36. Rc1 exd4 37. Nxd4 Ba8 38. Kf3
Bb6 39. Nec2 Kf7 40. Re1 Rb2 41. Kg2 Bxd4 42. Nxd4 Rd2 43. Nb5 d4+ 44. Kf1
Bc6 45. Nd6+ Kf6 46. Nxc4 Bb5 47. Rc1 Ke6 48. Ke1 Ra2 49. Nd2 Kd5 50. h4 Ra6
51. f4 Re6+ 52. Kd1 Ba4+ 53. Nb3 Bxb3+ 54. Kd2 Re3 55. Rg1 Ke4 56. Rh1 Rxg3
57. h5 Kxf4 58. hxg6 Rxg6 59. Rf1+ Ke4 60. Re1+ Kd5 61. Rh1 Bc4 62. Rh5+ Ke4
63. Rh4+ Ke5 64. Rh5+ Kd6 65. Rh4 Kc5 66. Rh5+ Kb4 67. Rh4 Rg2+ 68. Ke1 Kc3
69. Rh3+ d3 70. Kf1 Rg6 71. Ke1 Kc2 72. Rh2+ Kc1 73. Rh1 d2+ 74. Kf2+ d1=Q
75. Rxd1+ Kxd1 76. Kf3 h5 77. Kf4 h4 78. Kf5 Rg1 79. Ke4 h3 80. Kd4 h2 81.
Kxc4 h1=Q 82. Kd4 Re1 83. Kc5 Qe4 84. Kd6 Re2 85. Kc5 Qd3 86. Kb4 Rc2 87.
Ka4 Rb2 88. Ka5 Qb5# {White checkmated} 0-1

[Event "ICC tourney 1954 (60 10)"]
[Site "Internet Chess Club"]
[Date "2020.08.07"]
[Round "2"]
[White "RONAKSHERGIL"]
[Black "Kfprasanna"]
[Result "0-1"]
[ICCResult "White checkmated"]
[WhiteElo "925"]
[BlackElo "1344"]
[Opening "Three knights game"]
[ECO "C46"]
[NIC "KP.06"]
[Time "16:01:58"]
[TimeControl "3600+10"]

1. e4 e5 2. Nc3 Nc6 3. Nf3 Bc5 4. Bc4 d6 5. h3 Nf6 6. d3 h6 7. Be3 Bb6 8.
Qd2 Nd4 9. Bxd4 Bxd4 10. Nxd4 exd4 11. Nd5 c6 12. Nxf6+ Qxf6 13. O-O O-O 14.
c3 Be6 15. Bxe6 fxe6 16. cxd4 Qxd4 17. Qc3 Qf6 18. Rac1 a6 19. f3 Rf7 20.
Rcd1 e5 21. d4 exd4 22. Qxd4 Rd8 23. Rd3 Qe6 24. b3 Rfd7 25. Qc4 Qxc4 26.
bxc4 b5 27. cxb5 axb5 28. Rfd1 c5 29. e5 c4 30. Rd5 c3 31. e6 Re7 32. Rxd6
Rxd6 33. Rxd6 g6 34. Rc6 b4 35. Rc4 Rxe6 36. Rxb4 c2 37. Rc4 Re1+ 38. Kf2
c1=Q 39. Rxc1 Rxc1 40. Ke3 Ra1 41. Kf4 Rxa2 42. g4 Ra3 43. h4 g5+ 44. Kg3
gxh4+ 45. Kxh4 Rxf3 46. Kh5 Kg7 47. Kh4 Ra3 48. Kh5 Rh3# {White checkmated}
0-1

[Event "ICC tourney 1954 (60 10)"]
[Site "Internet Chess Club"]
[Date "2020.08.07"]
[Round "2"]
[White "ruhanv"]
[Black "Saturn015"]
[Result "1-0"]
[ICCResult "Black checkmated"]
[WhiteElo "958"]
[BlackElo "1173"]
[Opening "Queen's pawn: London system"]
[ECO "A45"]
[NIC "QP.07"]
[Time "15:30:32"]
[TimeControl "3600+10"]

1. d4 Nf6 2. Bf4 c5 3. e3 Nd5 4. Bg3 Qb6 5. b3 g6 6. Nf3 Bg7 7. Be2 Nc6 8.
c3 d6 9. O-O O-O 10. Bc4 Nf6 11. Bd3 Nh5 12. Qe2 Nxg3 13. hxg3 a5 14. Na3
cxd4 15. cxd4 a4 16. Rab1 axb3 17. Rxb3 Qd8 18. Nc4 Na5 19. Ra3 Be6 20. Nxa5
Rxa5 21. Rxa5 Qxa5 22. Bc4 Bd7 23. Qb2 b5 24. Bb3 Ra8 25. Ng5 Rf8 26. Rc1 h6
27. Nf3 Qa8 28. Rc7 Qd8 29. Qc3 Bf6 30. Qa5 Bf5 31. Qa7 Kg7 32. Nd2 Be6 33.
Ne4 Bxb3 34. axb3 d5 35. Nc5 Qa8 36. b4 e6 37. Nxe6+ Kg8 38. Nxf8 Qxf8 39.
Qc5 Qd8 40. Rc8 Kg7 41. Rxd8 Bxd8 42. Qxd5 Be7 43. Qxb5 h5 44. Qc4 Kf8 45.
b5 Ke8 46. b6 Bd6 47. Qc6+ Ke7 48. b7 Bb8 49. Qc8 Bd6 50. b8=Q Bxb8 51. Qxb8
Ke6 52. Qb5 f5 53. d5+ Kd6 54. Qc6+ Ke5 55. d6 f4 56. gxf4+ Ke6 57. d7+ Kf7
58. d8=Q g5 59. Qcc7+ Kg6 60. Qdd6+ Kf5 61. Qe5+ Kg4 62. Qxg5#
{Black checkmated}
1-0

[Event "ICC tourney 1954 (60 10)"]
[Site "Internet Chess Club"]
[Date "2020.08.07"]
[Round "2"]
[White "ElaineFan"]
[Black "luciapanda"]
[Result "1-0"]
[ICCResult "Black checkmated"]
[WhiteElo "1191"]
[BlackElo "1023"]
[Opening "Giuoco Pianissimo"]
[ECO "C50"]
[NIC "IG.02"]
[Time "15:30:46"]
[TimeControl "3600+10"]

1. e4 e5 2. Nf3 Nc6 3. Bc4 Bc5 4. d3 h6 5. O-O Nf6 6. c3 O-O 7. Nbd2 d6 8.
a4 a6 9. h3 Be6 10. Bxe6 fxe6 11. Qb3 Qc8 12. Re1 Na5 13. Qa2 Bb6 14. Nc4
Nxc4 15. Qxc4 Qd7 16. Qa2 Nh5 17. Be3 Bxe3 18. Rxe3 Nf4 19. b3 Qc6 20. Qd2
Qb6 21. Rb1 Qc6 22. Nh4 b5 23. axb5 axb5 24. Rg3 d5 25. Ng6 Nxg6 26. Rxg6
Kh7 27. exd5 Qxd5 28. Rg3 Ra3 29. Qd1 Ra2 30. Qg4 Rg8 31. Qg6+ Kh8 32. c4
Qd4 33. Qf7 bxc4 34. bxc4 Rd2 35. Rb8 Qxf2+ 36. Qxf2 Rxf2 37. Kxf2 Rxb8 38.
Re3 Rf8+ 39. Rf3 Rxf3+ 40. Kxf3 Kg8 41. Ke4 Kf7 42. Kxe5 g5 43. g4 Ke7 44.
c5 Kf7 45. d4 Ke7 46. d5 exd5 47. Kxd5 Kd7 48. c6+ Ke7 49. Ke5 Kf7 50. Kf5
Ke7 51. Kg6 Kd6 52. Kxh6 Kxc6 53. Kxg5 Kd5 54. Kf5 Kd4 55. g5 c5 56. g6 c4
57. g7 c3 58. g8=Q c2 59. Qc8 Kd3 60. h4 Kd2 61. h5 c1=R 62. Qxc1+ Kxc1 63.
h6 Kd2 64. h7 Kd3 65. h8=Q Kc4 66. Qd8 Kc5 67. Qd3 Kc6 68. Qd4 Kb5 69. Qc3
Kb6 70. Qc4 Kb7 71. Qc5 Kb8 72. Qe7 Kc8 73. Ke6 Kb8 74. Kd6 Ka8 75. Kc6 Kb8
76. Qb7# {Black checkmated} 1-0

[Event "ICC tourney 1954 (60 10)"]
[Site "Internet Chess Club"]
[Date "2020.08.07"]
[Round "2"]
[White "Siritnt"]
[Black "ABecker755"]
[Result "1/2-1/2"]
[ICCResult "Game drawn by repetition"]
[WhiteElo "953"]
[BlackElo "1363"]
[Opening "French: advance, Paulsen attack"]
[ECO "C02"]
[NIC "FR.03"]
[Time "15:30:54"]
[TimeControl "3600+10"]

1. e4 e6 2. d4 d5 3. e5 c5 4. c3 Nc6 5. Nf3 Qb6 6. Be2 Nge7 7. Na3 Nf5 8.
Nc2 cxd4 9. cxd4 Be7 10. O-O O-O 11. h3 Nh4 12. a3 Bd7 13. b4 a5 14. Nxh4
Bxh4 15. b5 Na7 16. a4 Rac8 17. Ba3 Rfe8 18. Ne3 Be7 19. Qd2 Bxa3 20. Rxa3
Qd8 21. Raa1 b6 22. Rfd1 Qe7 23. Bd3 Rc7 24. Bc2 Qg5 25. Qd3 Qg6 26. Ra2 Nc8
27. Qxg6 fxg6 28. Bd3 Ne7 29. g4 Rec8 30. Rc2 g5 31. Rdc1 Rxc2 32. Rxc2 Rxc2
33. Nxc2 Be8 34. Ne1 Ng6 35. Ng2 Nf4 36. Nxf4 gxf4 37. Kg2 h6 38. Kf3 g5 39.
h4 Kg7 40. hxg5 hxg5 41. Ke2 Bf7 42. Bc2 Bg6 43. Bxg6 Kxg6 44. Kd3 Kf7 45.
Kc3 Kg6 46. Kd2 Kf7 47. Kc2 Kg6 48. Kb3 Kf7 49. Ka2 Kg6 50. Ka1 Kf7 51. Kb1
Kg6 52. Kc1 Kf7 53. Kd1 Kg6 54. Ke1 Kf7 55. Kf1 Kg6 56. Kg2 Kf7 57. Kf3 Kg6
58. Ke2 Kf7 59. Kd2 Kg6 60. Kc2 Kg7 61. Kb2 Kg6 62. Ka2 Kg7 63. Ka3 Kg6 64.
Kb3 Kf7 65. Kc3 Kg6 66. Kd3 Kf7 67. Ke2 Kg7 68. Kf3 Kg6 69. Kg2 Kf7 70. Kh3
Kg7 71. Kh2 Kg6 72. Kh1 Kf7 73. Kg1 Kg7 74. Kf1 Kg6 75. Ke1 Kf7 76. Kd1 Kg6
77. Kc1 Kf7 78. Kb1 Kg6 79. Ka1 Kf7 80. Ka2 Kg6 81. Ka3 Kg7 82. Kb3 Kf7
{Game drawn by repetition}
1/2-1/2

[Event "ICC tourney 1954 (60 10)"]
[Site "Internet Chess Club"]
[Date "2020.08.07"]
[Round "2"]
[White "catseyenebula"]
[Black "sujay2010"]
[Result "1-0"]
[ICCResult "Black checkmated"]
[WhiteElo "1331"]
[BlackElo "1387"]
[Opening "Réti opening"]
[ECO "A13"]
[NIC "QP.11"]
[Time "15:31:11"]
[TimeControl "3600+10"]

1. Nf3 e6 2. c4 b6 3. Nc3 Bb7 4. e4 Bb4 5. Qc2 Nf6 6. e5 Ng8 7. a3 Be7 8. d4
d6 9. Bf4 Nd7 10. Bd3 h6 11. Rd1 Bg5 12. Bg3 Be7 13. Be4 Bxe4 14. Qxe4 h5
15. exd6 cxd6 16. Nb5 Ndf6 17. Nxd6+ Bxd6 18. Qc6+ Ke7 19. Bxd6+ Qxd6 20.
Qxa8 Qc7 21. Ne5 Nd7 22. Qc6 Qd8 23. Qxd7+ Qxd7 24. Nxd7 Kxd7 25. Kd2 Nf6
26. f3 Rc8 27. b3 Ke7 28. Kc3 Nd5+ 29. Kb2 Nf6 30. Rhe1 Kf8 31. d5 exd5 32.
cxd5 Rd8 33. d6 Ne8 34. Re5 Nxd6 35. Kc2 Rc8+ 36. Kb2 Rd8 37. Red5 Ke7 38.
Kc3 Nb5+ 39. Kb4 Nd6 40. Rxh5 a5+ 41. Ka4 b5+ 42. Kxa5 Nb7+ 43. Kb6 Rxd1 44.
Kxb7 Rd2 45. Rxb5 Rxg2 46. a4 Rd2 47. a5 Rd7+ 48. Kb6 Rd6+ 49. Ka7 Kd8 50.
a6 Rc6 51. Kb7 Rc7+ 52. Kb6 Rc8 53. a7 Ra8 54. Kb7 Rc8 55. a8=Q Rxa8 56.
Kxa8 Kd7 57. Rb6 Ke7 58. Ka7 f6 59. Ka6 Kf7 60. Kb5 Kg6 61. Kc5 Kg5 62. b4
g6 63. b5 f5 64. Rc6 Kf4 65. Rxg6 Kxf3 66. Rf6 Ke4 67. b6 f4 68. b7 Ke3 69.
b8=Q f3 70. Qb3+ Ke2 71. Rxf3 Kd2 72. Rf2+ Ke1 73. Ra2 Kf1 74. Qb1#
{Black checkmated}
1-0

[Event "ICC tourney 1954 (60 10)"]
[Site "Internet Chess Club"]
[Date "2020.08.07"]
[Round "2"]
[White "GreSci"]
[Black "CobaltGame"]
[Result "0-1"]
[ICCResult "White checkmated"]
[WhiteElo "1069"]
[BlackElo "1349"]
[Opening "Ruy Lopez: exchange variation, 5.O-O"]
[ECO "C68"]
[NIC "RL.08"]
[Time "15:30:18"]
[TimeControl "3600+10"]

1. e4 e5 2. Nf3 Nc6 3. Bb5 a6 4. Bxc6 dxc6 5. O-O Bd6 6. d3 Bg4 7. Be3 h6 8.
Nbd2 Nf6 9. d4 O-O 10. Re1 Re8 11. h3 Bh5 12. Qe2 Qe7 13. a3 Rad8 14. c4
exd4 15. Bxd4 Bf4 16. Be3 Be5 17. Rab1 Bd6 18. Bd4 c5 19. Bc3 Bf4 20. e5 Bg6
21. Rbd1 Bd3 22. exf6 Qxe2 23. Rxe2 Bxe2 24. Rb1 Bxd2 25. Nxd2 gxf6 26. Kh2
Rd6 27. f3 Bd3 28. Rc1 Re2 29. Kg3 Rde6 30. Nf1 Bxc4 31. Nh2 h5 32. Rg1 b5
33. Kh4 b4 34. axb4 cxb4 35. Bxb4 Rxb2 36. Be1 Rb1 37. Bf2 Rxg1 38. Bxg1 a5
39. Kxh5 a4 40. Ng4 a3 41. Bd4 a2 42. Nxf6+ Kf8 43. Ne4 Rb6 44. Nd2 Be6 45.
g4 Rb1 46. f4 a1=Q 47. Bxa1 Rxa1 48. f5 Bd5 49. h4 Rd1 50. g5 Rxd2 51. g6
fxg6+ 52. fxg6 Kg7 53. Kg5 Be4 54. h5 Bxg6 55. hxg6 c5 56. Kf5 c4 57. Ke4 c3
58. Ke3 Rd8 59. Kf4 c2 60. Ke4 c1=Q 61. Kf3 Re8 62. Kg4 Qc5 63. Kf4 Kxg6 64.
Kf3 Rd8 65. Ke4 Rd4+ 66. Ke3 Qc3+ 67. Ke2 Rd2+ 68. Ke1 Qc1# {White
checkmated} 0-1

[Event "ICC tourney 1954 (60 10)"]
[Site "Internet Chess Club"]
[Date "2020.08.07"]
[Round "2"]
[White "haarim"]
[Black "nonowho"]
[Result "0-1"]
[ICCResult "White resigns"]
[WhiteElo "1120"]
[BlackElo "1389"]
[Opening "Caro-Kann: two knights variation"]
[ECO "B10"]
[NIC "CK.01"]
[Time "15:30:05"]
[TimeControl "3600+10"]

1. e4 c6 2. Nf3 d5 3. Nc3 dxe4 4. Nxe4 Nf6 5. Ng3 Bg4 6. h3 Bxf3 7. Qxf3 e6
8. Bc4 Bd6 9. d3 Nbd7 10. Bb3 Qc7 11. Ne4 Nxe4 12. Qxe4 Nc5 13. Qg4 Nxb3 14.
axb3 O-O 15. Be3 a6 16. O-O Rad8 17. Rfe1 Be5 18. Ra2 Rfe8 19. Qb4 Bd6 20.
Qb6 Qe7 21. Ra4 Bc7 22. Qc5 Qxc5 23. Bxc5 Rd5 24. Ba3 a5 25. Rae4 b5 26. b4
a4 27. Rb1 Ra8 28. Kf1 Bd6 29. Ke2 Kf8 30. g4 Re5 31. Ke3 Ke7 32. f4 Rxe4+
33. Kxe4 g6 34. c4 f5+ 35. Kf3 fxg4+ 36. hxg4 Rf8 37. f5 exf5 38. gxf5 Rxf5+
39. Ke3 h5 40. b3 axb3 41. Rxb3 h4 42. c5 Bc7 43. Rb1 h3 44. Bb2 g5 45. Ke4
Rf4+ 46. Ke3 g4 47. Bd4 g3 48. Re1 g2 49. Kd2+ Kd7 50. Bg1 Rxb4 51. Re2 Rb2+
52. Ke1 Rxe2+ 53. Kxe2 h2 54. Bxh2 Bxh2 {White resigns} 0-1

[Event "ICC tourney 1954 (60 10)"]
[Site "Internet Chess Club"]
[Date "2020.08.07"]
[Round "3"]
[White "pvegesana"]
[Black "GIML"]
[Result "0-1"]
[ICCResult "White resigns"]
[WhiteElo "1334"]
[BlackElo "1127"]
[Opening "Sicilian defense"]
[ECO "B34"]
[NIC "SI.33"]
[Time "18:36:05"]
[TimeControl "3600+10"]

1. e4 c5 2. Nf3 Nc6 3. d4 cxd4 4. Nxd4 g6 5. Be3 Bg7 6. Qd2 Nf6 7. Nc3 d5 8.
f3 dxe4 9. fxe4 Ng4 10. h3 Nxe3 11. Qxe3 O-O 12. O-O-O Nxd4 13. g4 Qb6 14.
e5 Nb3+ 15. Kb1 {White resigns} 0-1

[Event "ICC tourney 1954 (60 10)"]
[Site "Internet Chess Club"]
[Date "2020.08.07"]
[Round "3"]
[White "kstao17"]
[Black "OwenT"]
[Result "0-1"]
[ICCResult "White checkmated"]
[WhiteElo "570"]
[BlackElo "1260"]
[Opening "French: exchange variation"]
[ECO "C01"]
[NIC "FR.01"]
[Time "18:36:23"]
[TimeControl "3600+10"]

1. e4 e6 2. d4 d5 3. exd5 exd5 4. Nc3 Nf6 5. Nf3 Bb4 6. Bd2 Nc6 7. Bb5 O-O
8. Bxc6 bxc6 9. O-O Bg4 10. h3 Bh5 11. a3 Ba5 12. Rb1 Qd7 13. b4 Bb6 14. a4
Bxd4 15. g4 Bxc3 16. Bxc3 Nxg4 17. hxg4 Qxg4+ 18. Kh1 Qh3+ 19. Kg1 Bxf3 20.
Qd3 Qh1# {White checkmated} 0-1

[Event "ICC tourney 1954 (60 10)"]
[Site "Internet Chess Club"]
[Date "2020.08.07"]
[Round "3"]
[White "DanielYang99"]
[Black "stephenwilly"]
[Result "0-1"]
[ICCResult "White checkmated"]
[WhiteElo "603"]
[BlackElo "1137"]
[Opening "French: exchange variation"]
[ECO "C01"]
[NIC "FR.01"]
[Time "18:36:15"]
[TimeControl "3600+10"]

1. e4 e6 2. d4 d5 3. exd5 exd5 4. Nf3 c5 5. c4 Nf6 6. Nc3 Be6 7. Bd3 dxc4 8.
Be2 Nc6 9. Be3 cxd4 10. Nxd4 Nxd4 11. Bxd4 Bb4 12. O-O O-O 13. a3 Bd6 14.
Bxf6 gxf6 15. Bg4 Bxg4 16. Qxg4+ Kh8 17. Qxc4 Rc8 18. Qb3 Qc7 19. g3 Rg8 20.
Rad1 Bxg3 21. fxg3 Rxg3+ 22. hxg3 Qxg3+ 23. Kh1 Qh3+ 24. Kg1 Rg8+ 25. Kf2
Rg2+ 26. Ke1 Qe3+ 27. Ne2 Qxe2# {White checkmated} 0-1

[Event "ICC tourney 1954 (60 10)"]
[Site "Internet Chess Club"]
[Date "2020.08.07"]
[Round "3"]
[White "temporarydanger"]
[Black "ProfP"]
[Result "0-1"]
[ICCResult "White checkmated"]
[WhiteElo "1071"]
[BlackElo "607"]
[Opening "French: advance variation"]
[ECO "C02"]
[NIC "FR.03"]
[Time "18:36:25"]
[TimeControl "3600+10"]

1. e4 e6 2. d4 d5 3. e5 c5 4. c3 Nc6 5. Bb5 Bd7 6. Be3 Qb6 7. Na3 a6 8. Bd3
Qxb2 9. Nc2 Qxc3+ 10. Kf1 cxd4 11. Bf4 Nb4 12. Nxb4 Bxb4 13. Qe2 Qxa1+ 14.
Bb1 Qxb1+ 15. Bc1 Qxc1+ 16. Qd1 Qxd1# {White checkmated} 0-1

[Event "ICC tourney 1954 (60 10)"]
[Site "Internet Chess Club"]
[Date "2020.08.07"]
[Round "3"]
[White "Zohranvalliani"]
[Black "joshhansen7"]
[Result "1-0"]
[ICCResult "Black checkmated"]
[WhiteElo "927"]
[BlackElo "254"]
[Opening "QGD: Marshall defense"]
[ECO "D06"]
[NIC "QP.08"]
[Time "18:35:52"]
[TimeControl "3600+10"]

1. d4 d5 2. c4 Nf6 3. cxd5 Qxd5 4. Nc3 Qd6 5. e4 e5 6. Nf3 Nbd7 7. Nb5 Qb4+
8. Bd2 Qxb5 9. Bxb5 Nxe4 10. Nxe5 Nxd2 11. Qxd2 Bd6 12. Nxd7 Bxd7 13. Qe3+
Kd8 14. Qg5+ f6 15. Qxg7 Re8+ 16. Kd1 Bxb5 17. Qxf6+ Be7 18. Qf5 h6 19. Qxb5
c6 20. Qxb7 Rc8 21. Re1 Bg5 22. Rxe8+ Kxe8 23. Qxc8+ Ke7 24. Kc2 Bf6 25.
Qc7+ Ke6 26. Re1+ Kf5 27. Qd7+ Kg6 28. Re6 Kg5 29. h4+ Kf5 30. Qxc6 Bxd4 31.
Qd5+ Be5 32. Qxe5+ Kg4 33. Rg6+ Kxh4 34. Qg3+ Kh5 35. Qg4# {Black
checkmated} 1-0

[Event "ICC tourney 1954 (60 10)"]
[Site "Internet Chess Club"]
[Date "2020.08.07"]
[Round "3"]
[White "Harper0717"]
[Black "firelionpro"]
[Result "1-0"]
[ICCResult "Black checkmated"]
[WhiteElo "1275"]
[BlackElo "840"]
[Opening "King's pawn game"]
[ECO "C50"]
[NIC "IG.03"]
[Time "18:36:56"]
[TimeControl "3600+10"]

1. e4 e5 2. Nf3 Nc6 3. Bc4 d6 4. h3 Nf6 5. Ng5 d5 6. exd5 Nxd5 7. Nxf7 Kxf7
8. Qf3+ Ke8 9. Bxd5 Qe7 10. Bxc6+ bxc6 11. Qxc6+ Qd7 12. Qxa8 Bc5 13. Qf3
Qb5 14. Nc3 Qb6 15. Ne4 Bd4 16. c3 Bc5 17. Nxc5 Qxc5 18. Qe3 Qxe3+ 19. dxe3
Bf5 20. b3 c5 21. c4 Bd3 22. Kd2 Be4 23. f3 Bf5 24. g4 Bg6 25. Bb2 Kf7 26.
Bxe5 Re8 27. Bf4 Rd8+ 28. Ke2 Bd3+ 29. Kf2 Bc2 30. Rac1 Rd2+ 31. Kg3 Bg6 32.
e4 Rxa2 33. Ra1 Rxa1 34. Rxa1 a5 35. Rxa5 Ke6 36. Rxc5 Kf7 37. Rc7+ Kg8 38.
h4 Kh8 39. Rc8+ Be8 40. Rxe8# {Black checkmated} 1-0

[Event "ICC tourney 1954 (60 10)"]
[Site "Internet Chess Club"]
[Date "2020.08.07"]
[Round "3"]
[White "jhong3"]
[Black "Tiger2010"]
[Result "0-1"]
[ICCResult "White checkmated"]
[WhiteElo "909"]
[BlackElo "677"]
[Opening "Four knights game"]
[ECO "C47"]
[NIC "KP.06"]
[Time "18:36:00"]
[TimeControl "3600+10"]

1. e4 e5 2. Nf3 Nc6 3. Nc3 Nf6 4. Bd3 d5 5. exd5 Nxd5 6. Nxd5 Qxd5 7. O-O e4
8. Qe2 Be7 9. Bc4 Qf5 10. Ne1 Qe5 11. d3 Bd6 12. dxe4 Qxh2# {White
checkmated} 0-1

[Event "ICC tourney 1954 (60 10)"]
[Site "Internet Chess Club"]
[Date "2020.08.07"]
[Round "3"]
[White "Andrew588"]
[Black "ruhanv"]
[Result "0-1"]
[ICCResult "White checkmated"]
[WhiteElo "1185"]
[BlackElo "971"]
[Opening "Caro-Kann defense"]
[ECO "B10"]
[NIC "CK.01"]
[Time "18:36:14"]
[TimeControl "3600+10"]

1. e4 c6 2. Nf3 d5 3. d3 dxe4 4. dxe4 Qxd1+ 5. Kxd1 Bg4 6. g3 Bxf3+ 7. Ke1
Bxh1 8. Nc3 Bf3 9. Bc4 e6 10. Bf4 Bb4 11. a3 Bxc3+ 12. bxc3 Bxe4 13. Rc1 Nd7
14. Bg5 h6 15. Bf4 Ne7 16. Bd6 Bd5 17. Bd3 Nc8 18. Bb4 c5 19. c4 Bc6 20. Bc3
O-O 21. Kd2 Rd8 22. Re1 Ndb6 23. Re3 Nxc4+ 24. Ke2 Nxe3 25. Kxe3 Nb6 26. Kf4
g5+ 27. Kg4 f5+ 28. Kh5 Be8+ 29. Kxh6 Rxd3 30. Bb2 Rd2 31. Kxg5 Rxf2 32. Kf6
Rxh2 33. Ke7 Rxc2 34. Kd6 Rxb2 35. Kc7 Rc8+ 36. Kxb7 Bc6+ 37. Ka6 Ra2 38.
Kxa7 Rxa3+ 39. Kxb6 c4 40. g4 Rb8+ 41. Kxc6 c3 42. Kd6 fxg4 43. Kd7 e5 44.
Kc7 c2 45. Kxb8 c1=Q 46. Kb7 Rb3+ 47. Ka6 Qa1# {White checkmated} 0-1

[Event "ICC tourney 1954 (60 10)"]
[Site "Internet Chess Club"]
[Date "2020.08.07"]
[Round "3"]
[White "srsmv"]
[Black "ThanhPoertner"]
[Result "0-1"]
[ICCResult "White checkmated"]
[WhiteElo "1172"]
[BlackElo "1036"]
[Opening "Sicilian: Alapin's variation (2.c3)"]
[ECO "B22"]
[NIC "SI.46"]
[Time "18:36:14"]
[TimeControl "3600+10"]

1. e4 c5 2. c3 e6 3. d4 Nc6 4. Nf3 cxd4 5. cxd4 d5 6. exd5 Qxd5 7. Be2 Nf6
8. Nc3 Bb4 9. Bd2 Bxc3 10. Bxc3 O-O 11. O-O Re8 12. Qc2 b6 13. Bd3 Bb7 14.
Ne5 Nxe5 15. dxe5 Qxg2# {White checkmated} 0-1

[Event "ICC tourney 1954 (60 10)"]
[Site "Internet Chess Club"]
[Date "2020.08.07"]
[Round "3"]
[White "tenuun"]
[Black "Aahilvalliani"]
[Result "1-0"]
[ICCResult "Black checkmated"]
[WhiteElo "1158"]
[BlackElo "737"]
[Opening "Giuoco Pianissimo: Italian four knights variation"]
[ECO "C47"]
[NIC "RG.01"]
[Time "18:36:09"]
[TimeControl "3600+10"]

1. e4 e5 2. Nf3 Nf6 3. Nc3 Nc6 4. Bc4 Bc5 5. d3 O-O 6. O-O d6 7. h3 h6 8.
Ne2 a6 9. a3 b5 10. Bb3 Na5 11. Ba2 c6 12. b4 Bb6 13. bxa5 Bxa5 14. Ng3 Bb6
15. Be3 Be6 16. Bxe6 fxe6 17. Qd2 Qc7 18. Bxb6 Qxb6 19. Rab1 Qc7 20. Nh2 d5
21. exd5 exd5 22. f4 Rad8 23. fxe5 Qxe5 24. Nf5 c5 25. Rbe1 Qc7 26. Re7 Qb6
27. Kh1 Rf7 28. Rxf7 Kxf7 29. Nf3 Qe6 30. Nxh6+ gxh6 31. Qxh6 Qe2 32. Ng5+
Ke8 33. Qg6+ Kd7 34. Qf7+ Kc8 35. Qxf6 Qxc2 36. Ne6 Rg8 37. Qf2 Qxd3 38. Qf7
Qg6 39. Qc7# {Black checkmated} 1-0

[Event "ICC tourney 1954 (60 10)"]
[Site "Internet Chess Club"]
[Date "2020.08.07"]
[Round "3"]
[White "chessadpa"]
[Black "JKnapp"]
[Result "1-0"]
[ICCResult "Black resigns"]
[WhiteElo "1170"]
[BlackElo "795"]
[Opening "Scandinavian (center counter) defense"]
[ECO "B01"]
[NIC "SD.02"]
[Time "18:36:52"]
[TimeControl "3600+10"]

1. e4 d5 2. exd5 Qxd5 3. Nc3 Qd8 4. Bc4 Nf6 5. Nf3 Bg4 6. Ne5 Be6 7. Bxe6
fxe6 8. d3 g6 9. Bg5 Bg7 10. Nf3 O-O 11. Qd2 Nbd7 12. O-O-O Nd5 13. Nxd5
exd5 14. Bh6 Nc5 15. Bxg7 Kxg7 16. Qc3+ Kg8 17. Qxc5 Qd7 18. Rde1 Rae8 19.
h3 Qa4 20. Kb1 Rf6 21. Qxd5+ Kg7 22. Qxb7 Ra6 23. a3 Rb6 24. Qxc7 Qxa3 25.
Qe5+ Kf8 26. Ng5 Qxb2+ 27. Qxb2 Reb8 28. Qxb6 Rxb6+ 29. Kc1 Rf6 30. Nf3 Kf7
31. Kd2 a5 32. Ra1 Ra6 33. Rhb1 a4 34. Rb4 a3 35. Rb3 a2 36. Rb2 {Black
resigns} 1-0

[Event "ICC tourney 1954 (60 10)"]
[Site "Internet Chess Club"]
[Date "2020.08.07"]
[Round "3"]
[White "wrongpilot"]
[Black "AF8"]
[Result "1-0"]
[ICCResult "Black checkmated"]
[WhiteElo "822"]
[BlackElo "896"]
[Opening "French: advance, Steinitz variation"]
[ECO "C02"]
[NIC "FR.03"]
[Time "18:35:55"]
[TimeControl "3600+10"]

1. e4 e6 2. d4 d5 3. e5 c5 4. dxc5 Bxc5 5. Nf3 Qb6 6. Qd2 Nc6 7. Nc3 Nh6 8.
Bb5 Bd7 9. Bd3 O-O 10. b3 Ng4 11. Rf1 Ngxe5 12. Nxe5 Nxe5 13. f4 Nxd3+ 14.
Qxd3 Bb4 15. Bb2 d4 16. O-O-O Bxc3 17. Bxc3 Bb5 18. Qxd4 Qxd4 19. Bxd4 Bxf1
20. Rxf1 f6 21. g4 e5 22. fxe5 fxe5 23. Rxf8+ Rxf8 24. Bxa7 Rf2 25. Bxf2 Kf7
26. Kd2 Ke6 27. Ke3 Kd5 28. c4+ Kc6 29. a3 b5 30. cxb5+ Kxb5 31. Kd3 Kc6 32.
Kc4 Kd6 33. b4 e4 34. b5 Kc7 35. a4 Kb7 36. a5 Kb8 37. Kc5 Kb7 38. b6 Kb8
39. a6 Ka8 40. Kc6 Kb8 41. a7+ Ka8 42. Kc7 e3 43. Bxe3 g5 44. b7#
{Black checkmated}
1-0

[Event "ICC tourney 1954 (60 10)"]
[Site "Internet Chess Club"]
[Date "2020.08.07"]
[Round "3"]
[White "BenPaquet"]
[Black "sahithyansaran"]
[Result "1-0"]
[ICCResult "Black checkmated"]
[WhiteElo "881"]
[BlackElo "508"]
[Opening "Four knights: Ranken variation"]
[ECO "C48"]
[NIC "KP.03"]
[Time "18:36:17"]
[TimeControl "3600+10"]

1. e4 e5 2. Nf3 Nc6 3. Nc3 Nf6 4. Bb5 a6 5. Bxc6 dxc6 6. Nxe5 Qe7 7. Nf3
Nxe4 8. O-O Nxc3 9. dxc3 Qd7 10. Re1+ Be7 11. Qxd7+ Bxd7 12. Be3 O-O 13. Bd4
Bd6 14. Rad1 Bf5 15. Be5 Bxe5 16. Rxe5 Bxc2 17. Rd7 Rac8 18. Ree7 Rcd8 19.
Rxd8 Rxd8 20. g3 Be4 21. Kg2 Bxf3+ 22. Kxf3 Rf8 23. Rxc7 Rb8 24. Kg2 Kf8 25.
Rd7 Ke8 26. Rd4 f5 27. Kf3 g6 28. Kf4 Kf7 29. Kg5 Kg7 30. Rd7+ Kg8 31. Kh6
Rf8 32. Rxh7 Rf6 33. Rg7+ Kf8 34. Rxg6 Kf7 35. Rxf6+ Kxf6 36. f4 b5 37. h3
a5 38. g4 b4 39. g5+ Kf7 40. g6+ Kg8 41. cxb4 axb4 42. b3 c5 43. g7 Kf7 44.
Kh7 Ke6 45. g8=Q+ Ke7 46. Qd5 Kf6 47. Qxc5 Ke6 48. Kg6 Kd7 49. Qxf5+ Kd6 50.
Qe5+ Kc6 51. f5 Kb6 52. f6 Kc6 53. f7 Kd7 54. f8=Q Kc6 55. Qff6+ Kd7 56.
Qee7+ Kc8 57. Qff8# {Black checkmated} 1-0

[Event "ICC tourney 1954 (60 10)"]
[Site "Internet Chess Club"]
[Date "2020.08.07"]
[Round "3"]
[White "BArkadia"]
[Black "Siritnt"]
[Result "0-1"]
[ICCResult "White checkmated"]
[WhiteElo "1080"]
[BlackElo "939"]
[Opening "Sicilian: dragon variation"]
[ECO "B70"]
[NIC "SI.15"]
[Time "18:36:16"]
[TimeControl "3600+10"]

1. e4 c5 2. Nf3 d6 3. d4 cxd4 4. Nxd4 Nf6 5. Nc3 g6 6. Bc4 Bg7 7. Bb3 Bd7 8.
Be3 Nc6 9. Qf3 Qb6 10. Ne6 Qa6 11. Nxg7+ Kf8 12. Bh6 Kg8 13. Nd5 Nd4 14.
Nxf6+ exf6 15. Qxf6 Qe2# {White checkmated} 0-1

[Event "ICC tourney 1954 (60 10)"]
[Site "Internet Chess Club"]
[Date "2020.08.07"]
[Round "3"]
[White "luciapanda"]
[Black "Jeffchess"]
[Result "0-1"]
[ICCResult "White checkmated"]
[WhiteElo "1035"]
[BlackElo "1370"]
[Opening "Caro-Kann defense"]
[ECO "B12"]
[NIC "QO.17"]
[Time "18:36:35"]
[TimeControl "3600+10"]

1. d4 c6 2. e4 e6 3. c4 Ne7 4. Nc3 d5 5. cxd5 exd5 6. e5 Ng6 7. Nf3 Bf5 8.
Bg5 Be7 9. Bxe7 Qxe7 10. Be2 Nf4 11. O-O f6 12. exf6 Qxf6 13. Re1 O-O 14.
Qd2 Be4 15. Nxe4 dxe4 16. Bc4+ Kh8 17. Rxe4 Nxg2 18. Ne5 Nh4 19. Ng4 Qf5 20.
Be2 Qxe4 21. f3 Rxf3 22. Qc3 Rxc3 23. Re1 Qg2# {White checkmated} 0-1